 Dungeon Sprint DCSS version 0.26.1-11-gd32895ea62 (webtiles) character file.

Game seed: 4545962040029528175

17202 Zeld the Warrior (level 12, -4/190 HPs)
             Began as a Minotaur Berserker on June 13, 2021.
             Was a Priest of Trog.
             Slain by a spriggan defender
             ... wielding a +2 lajatang of speed
              (27 damage)
             ... in the Dungeon (Sprint IV: "Fedhas' Mad Dash").
             The game lasted 00:11:24 (14919 turns).

Zeld the Warrior (Minotaur Berserker)              Turns: 14919, Time: 00:11:24

Health: -4/190     AC:  7    Str: 27    XL:     12   Next: 16%
Magic:  1/11       EV: 25    Int:  7    God:    Trog [***...]
Gold:   3          SH:  0    Dex: 16    Spells: 11/11 levels left

rFire    . . .     SeeInvis .   a - +5 battleaxe (flame)
rCold    . . .     Faith    .   (shield currently unavailable)
rNeg     . . .     Spirit   .   s - +0 animal skin
rPois    .         Reflect  .   m - +0 hat {Int+3}
rElec    .         Harm     .   (no cloak)
rCorr    .         Rampage  .   o - +0 pair of gloves
Will     ++...     NoTele   +   n - +0 pair of boots
Stlth    ..........             i - amulet of invisibility {+Inv}
HPRegen  1.41/turn              l - +6 ring of dexterity
MPRegen  0.12/turn              (no ring)

@: berserking, regenerating, very quick
A: retaliatory headbutt, horns 2
a: Renounce Religion, Evoke Invisibility, Berserk, Trog's Hand


You were in the Dungeon.
You worshipped Trog.
Trog was most pleased with you.
You visited 1 branch You collected 484 gold pieces.
You spent 481 gold pieces at shops.

Inventory:

Hand Weapons
 a - a +5 battleaxe of flaming (weapon)
 b - the +2 war axe of Trog {vorpal, +Rage rF++ Int-3 Stlth+}
   (Trog gifted it to you in the Dungeon)

   It inflicts extra damage upon your enemies.
   It affects your intelligence (-3).
   It greatly protects you from fire.
   It lets you go berserk.
   It makes you more stealthy.
Armour
 m - a +0 hat of intelligence (worn)
 n - a +0 pair of boots (worn)
 o - a +0 pair of gloves (worn)
 s - a +0 animal skin (worn)
Jewellery
 i - the amulet of invisibility (around neck) {+Inv}
   (You found it in the Dungeon)

   [amulet of nothing]

   It lets you turn invisible.
 l - a +6 ring of dexterity (left hand)
Scrolls
 j - 2 scrolls of identify
 p - a scroll of remove curse
Potions
 c - 2 potions of curing
 e - a potion of haste
 f - 2 potions of magic
 g - a potion of berserk rage
 k - a potion of ambrosia
 r - a potion of might {unknown}


   Skills:
 + Level 18.1 Fighting
 * Level 17.6 Axes
 + Level 17.9 Armour
 + Level 16.6 Dodging
 * Level 1.9 Evocations


You had 11 spell levels left.
You didn't know any spells.
Your spell library was empty.

Dungeon Overview and Level Annotations

Branches:
Dungeon (1/1)

Altars:
Cheibriados
Dithmenos
Elyvilon
Gozag
Hepliaklqana
Kikubaaqudgha
Makhleb
Nemelex Xobeh
Okawaru
Qazlal
Ru
Sif Muna
Trog
Uskayaw
Vehumet
Wu Jian
Xom
Yredelemnul
Zin
The Shining One
Beogh
Jiyva
Lugonu

Shops:
D }=??!}*[*}**([:}[[*}(


Innate Abilities, Weirdness & Mutations

You reflexively headbutt those who attack you in melee.
You have a pair of horns on your head.


Message History

You feel strong-willed.
The spriggan defender hits you with a +2 lajatang of speed!!
* * * LOW HITPOINT WARNING * * *
A red film seems to cover your vision as you go berserk!
You feel yourself moving faster!
You feel mighty!
The spriggan defender hits you with a +2 lajatang of speed!
* * * LOW HITPOINT WARNING * * *
The spriggan defender closely misses you.
The spriggan defender hits you with a +2 lajatang of speed!!
* * * LOW HITPOINT WARNING * * *
You barely miss the spriggan defender. You headbutt the spriggan defender!
The spriggan defender is lightly wounded.
You closely miss the spriggan defender. You slice the spriggan druid!!
You burn the spriggan druid.
The spriggan druid points at you and mumbles some strange words.
The stone arrow misses you.
The spriggan defender closely misses you.
You furiously retaliate!
You headbutt the spriggan defender.
The spriggan defender hits you with a +2 lajatang of speed!!
You die...

......♣.....∩.∩...[#
####################
####### #######
##...∩∩###....:###
......=##......'"#
##P..).'......|###
##################
##∩∩∩#...........i#########
..∩.∩'..........@i'.......#
##∩∩∩#...........i#######.#
################## #####.#
..♣..♣..♣ii# ...........#
..♣..♣..♣..# # #######


You could see 2 spriggan defenders and a spriggan druid.

Vanquished Creatures
  Agnes (D)
  A ghost moth (D)
  A spriggan defender (D)
  2 spriggan berserkers (D)
  A spriggan druid (D)
  20 oklob plants (D)
  2 demonic crawlers (D)
  3 burning bushes (D)
  A queen bee (D)
  3 wandering mushrooms (D)
  4 hornets (D)
  2 scorpions (D)
  4 killer bees (D)
  5 oklob saplings (D)
  2 worker ants (D)
  6 spriggans (D)
  A river rat (D)
  A rat (D)
  A ballistomycete spore (D)
  A bush (D)
62 creatures vanquished.

Vanquished Creatures (collateral kills)
  2 spriggans (D)
  3 oklob plants (D)
  A demonic crawler (D)
  2 hornets (D)
8 creatures vanquished.

Vanquished Creatures (others)
  A ballistomycete spore (D)
  4 fungi (D)
5 creatures vanquished.

Grand Total: 75 creatures vanquished

Notes
Turn   | Place    | Note
-------+----------+-------------------------------------------
     0 | D        | Zeld the Minotaur Berserker began the quest for the Orb.
     0 | D        | Reached XP level 1. HP: 19/19 MP: 0/0
     9 | D        | Reached skill level 4 in Fighting
     9 | D        | Reached XP level 2. HP: 20/27 MP: 1/1
   207 | D        | Noticed an oklob sapling
   210 | D        | Killed an oklob sapling
   210 | D        | Reached ** piety under Trog
   211 | D        | Reached skill level 5 in Fighting
   211 | D        | Reached XP level 3. HP: 36/36 MP: 2/2
   355 | D        | Found the amulet of invisibility {+Inv}
   660 | D        | Found an opulent altar of Gozag.
   660 | D        | Found a hazy altar of Hepliaklqana.
   660 | D        | Found a burning altar of Makhleb.
   660 | D        | Found a roughly hewn altar of Beogh.
   660 | D        | Found a sparkling altar of Nemelex Xobeh.
   660 | D        | Found a snail-covered altar of Cheibriados.
   660 | D        | Found a sacrificial altar of Ru.
   660 | D        | Found a shimmering blue altar of Sif Muna.
   660 | D        | Found a shimmering altar of Xom.
   660 | D        | Found a basalt altar of Yredelemnul.
   662 | D        | Found a viscous altar of Jiyva.
   662 | D        | Found a bloodstained altar of Trog.
   662 | D        | Found an ornate altar of the Wu Jian Council.
   662 | D        | Noticed an oklob sapling priest
   663 | D        | Found an iron altar of Okawaru.
   663 | D        | Found a shadowy altar of Dithmenos.
   663 | D        | Found a glowing silver altar of Zin.
   664 | D        | Found an ancient bone altar of Kikubaaqudgha.
   664 | D        | Found a hide-covered altar of Uskayaw.
   665 | D        | Found a stormy altar of Qazlal.
   665 | D        | Found a white marble altar of Elyvilon.
   665 | D        | Found a glowing golden altar of the Shining One.
   666 | D        | Found a corrupted altar of Lugonu.
   666 | D        | Found a radiant altar of Vehumet.
   673 | D        | Killed an oklob sapling priest
   674 | D        | Reached skill level 6 in Fighting
   674 | D        | Reached skill level 5 in Armour
   674 | D        | Reached skill level 5 in Dodging
   674 | D        | Reached XP level 4. HP: 44/44 MP: 0/3
   849 | D        | Reached *** piety under Trog
   850 | D        | Reached XP level 5. HP: 34/51 MP: 4/4
  1209 | D        | Reached skill level 7 in Fighting
  1450 | D        | Found Cinuf's Book Shop.
  1450 | D        | Found Zinofi's Antique Armour Emporium.
  1696 | D        | Noticed a burning bush
  1696 | D        | Noticed a wandering mushroom
  1703 | D        | Reached skill level 10 in Axes
  1703 | D        | Reached XP level 6. HP: 61/61 MP: 5/5
  1703 | D        | Noticed a wandering mushroom
  1708 | D        | Killed a wandering mushroom
  1708 | D        | Reached **** piety under Trog
  1709 | D        | Reached skill level 8 in Fighting
  1967 | D        | Killed a wandering mushroom
  1968 | D        | Reached skill level 9 in Fighting
  1968 | D        | Reached XP level 7. HP: 46/70 MP: 6/6
  2396 | D        | Killed a burning bush
  2675 | D        | Found Herraumm's General Store.
  2675 | D        | Found Useemorr's Armour Shoppe.
  2838 | D        | Noticed a queen bee
  2844 | D        | Reached skill level 10 in Fighting
  2847 | D        | Reached ***** piety under Trog
  2848 | D        | Reached XP level 8. HP: 79/79 MP: 7/7
  2859 | D        | Killed a queen bee
  2860 | D        | Reached skill level 10 in Armour
  3146 | D        | Noticed an oklob plant
  3151 | D        | Killed an oklob plant
  3152 | D        | Reached skill level 11 in Fighting
  3152 | D        | Reached skill level 10 in Dodging
  3411 | D        | Noticed a burning bush
  3420 | D        | Killed a burning bush
  3674 | D        | Noticed a burning bush
  3674 | D        | Noticed an oklob plant
  3675 | D        | Noticed a wandering mushroom
  3683 | D        | Killed a burning bush
  3684 | D        | Reached XP level 9. HP: 90/90 MP: 8/8
  3868 | D        | Received a gift from Trog
  3869 | D        | Reached skill level 12 in Fighting
  3873 | D        | Killed an oklob plant
  3878 | D        | Killed a wandering mushroom
  3925 | D        | Noticed a spriggan druid
  3936 | D        | Killed a spriggan druid
  3937 | D        | Reached skill level 13 in Fighting
  4209 | D        | Bought a pair of gloves for 117 gold pieces
  4371 | D        | Noticed an oklob plant conjurer
  4382 | D        | Killed an oklob plant conjurer
  4382 | D        | Reached ****** piety under Trog
  5105 | D        | Noticed an oklob plant
  5105 | D        | Noticed an oklob plant summoner
  5801 | D        | Noticed an oklob plant shifter
  5816 | D        | Killed an oklob plant
  5817 | D        | Reached skill level 14 in Fighting
  5817 | D        | Reached XP level 10. HP: 81/103 MP: 7/9
  6126 | D        | Killed an oklob plant summoner
  6130 | D        | Killed an oklob plant shifter
  6130 | D        | Received a gift from Trog
  6164 | D        | Got an ichor-stained war axe {god gift}
  6165 | D        | Identified the +2 war axe of Trog {vorpal, +Rage rF++ Int-3
                  | Stlth+} (Trog gifted it to you in the Dungeon)
  6901 | D        | Noticed a spriggan rider
  7050 | D        | Found Ducyra's Gadget Emporium.
  7056 | D        | Found Rugypek's Weapon Shoppe.
  7056 | D        | Killed a spriggan rider
  7277 | D        | Noticed Agnes
  7287 | D        | Killed Agnes
  7287 | D        | Noticed a spriggan berserker
  7288 | D        | Reached skill level 15 in Fighting
  7288 | D        | Reached skill level 15 in Axes
  7288 | D        | Reached skill level 15 in Armour
  7289 | D        | Noticed an elephant
  7291 | D        | Noticed a death yak
  7294 | D        | Killed a spriggan berserker
  7294 | D        | Received a gift from Trog
  7806 | D        | Found Zyirghawn's Gadget Emporium.
  7808 | D        | Found Juchyi's Antique Armour Shoppe.
  7809 | D        | Noticed a spriggan defender
  7824 | D        | Killed a spriggan defender
  7825 | D        | Reached XP level 11. HP: 98/114 MP: 10/10
  8004 | D        | Noticed a spriggan rider
  8022 | D        | Reached skill level 16 in Fighting
  8531 | D        | Found Teyckeza's Magic Scroll Emporium.
  8531 | D        | Found Jeqet's Jewellery Boutique.
  8531 | D        | Found Tourad's Gadget Shoppe.
  8544 | D        | Killed a ghost moth
  8545 | D        | Reached skill level 15 in Dodging
  8938 | D        | Bought a scroll of identify for 20 gold pieces
  8938 | D        | Bought a scroll of enchant weapon for 75 gold pieces
  8938 | D        | Bought a scroll of identify for 20 gold pieces
  9256 | D        | Noticed an oklob plant shifter
  9256 | D        | Noticed an oklob plant meteorologist
  9778 | D        | Killed an oklob plant meteorologist
  9801 | D        | Killed an oklob plant shifter
  9975 | D        | Noticed a spriggan rider
  9988 | D        | Reached skill level 17 in Fighting
 10459 | D        | Bought a scroll of enchant weapon for 75 gold pieces
 10893 | D        | Noticed an oklob plant summoner
 11106 | D        | Found Russur's Distillery.
 11106 | D        | Found Muadaism's Gadget Boutique.
 11106 | D        | Found Meacec Nigho's Magic Scroll Shop.
 11106 | D        | Found Beumaec's Antique Armour Emporium.
 11106 | D        | Found Gephorgh's General Store.
 11107 | D        | Found Hotwer's Gadget Emporium.
 11107 | D        | Found Qaith's General Store.
 11107 | D        | Found Koxec's Assorted Antiques.
 11117 | D        | Bought a potion of ambrosia for 96 gold pieces
 11117 | D        | Bought a potion of heal wounds for 60 gold pieces
 11328 | D        | Bought an inky potion for 18 gold pieces
 11329 | D        | Noticed an oklob plant
 11329 | D        | Noticed an oklob plant
 11329 | D        | Noticed an oklob plant
 11329 | D        | Noticed an oklob plant
 11329 | D        | Noticed an oklob plant
 11329 | D        | Noticed an oklob plant
 11339 | D        | Noticed an oklob plant
 11340 | D        | Noticed an oklob plant
 11348 | D        | Killed an oklob plant
 11351 | D        | Killed an oklob plant
 11351 | D        | Received a gift from Trog
 11352 | D        | Noticed an oklob plant
 11810 | D        | Noticed an oklob plant
 11811 | D        | Noticed an oklob plant
 11814 | D        | Killed an oklob plant
 11815 | D        | Killed an oklob plant
 11817 | D        | Killed an oklob plant
 11818 | D        | Noticed an oklob plant
 12733 | D        | Killed an oklob plant
 12734 | D        | Killed an oklob plant
 12735 | D        | Killed an oklob plant
 12738 | D        | Killed an oklob plant
 12741 | D        | Killed an oklob plant
 13112 | D        | Killed an oklob plant
 13113 | D        | Reached XP level 12. HP: 127/127 MP: 9/11
 13118 | D        | Received a gift from Trog
 13326 | D        | Found Esahud's General Store.
 13327 | D        | Found Orowomma's Weapon Shop.
 13509 | D        | Reached skill level 18 in Fighting
 14083 | D        | Reached skill level 1 in Evocations
 14521 | D        | Got a clouded brass amulet
 14532 | D        | Identified the amulet "Rolol" {Spirit Int+3} (You found it
                  | in the Dungeon)
 14899 | D        | Noticed a spriggan defender
 14899 | D        | Noticed a spriggan defender
 14919 | D        | Slain by a spriggan defender

Illustrated notes

Levels and vault maps discovered:
D:        dungeon_sprint_fedhas [sprint_temple]

Skill      XL: |  1  2  3  4  5  6  7  8  9 10 11 12 |
---------------+-------------------------------------+-----
Fighting       | 4 5 6 7 9 10 11 14 15 17 18 | 18.1
Axes           | 4 6 7 8 10 12 13 14 16 17 | 17.6
Armour         | 3 4 5 7 8 9 11 14 15 17 | 17.9
Dodging        | 3 5 6 8 10 12 14 16 | 16.6
Evocations     | 1 |  1.9

Action                   |  1- 3 |  4- 6 |  7- 9 | 10-12 || total
-------------------------+-------+-------+-------+-------++-------
Melee: Hand axe          |    14 |    24 |    87 |     7 ||   132
       Headbutt          |     4 |     6 |    35 |    40 ||    85
       War axe           |       |       |       |    74 ||    74
       Battleaxe         |       |       |       |    36 ||    36
Invok: Berserk           |     3 |     4 |     9 |    12 ||    28
       Trog's Hand       |       |       |     1 |     1 ||     2
       Brothers in Arms  |       |       |       |    11 ||    11
 Abil: Evoke Invisibilit |     1 |       |     2 |    10 ||    13
  Use: Scroll            |       |       |       |     5 ||     5
       Potion            |       |       |       |     2 ||     2
 Stab: Invisible         |     1 |       |    10 |    22 ||    33
       Sleeping          |       |       |     1 |       ||     1
Armor: Animal skin       |     1 |       |     2 |     7 ||    10
Dodge: Dodged            |     4 |     9 |    40 |    87 ||   140
